AoeStats
← Reis

Hill Fort

505741429Analyzed
4v4 RM · 23d ago on Sep 10, 2026· 40m 31s· 8 players
Game mode
Random Map
Map size
Large (8 player)
Population
200
Speed
Normal
Resources
Standard
Victory
Conquest
Starting age
Dark Age
Ending age
Imperial Age
RankedLock teamsTeams togetherTeam positionsShared explorationLock speedFull tech treeHidden civsTurbo modeCheats
Victory
Defeat
🇺🇸 Dravidians · United States
1645
+10
🇳🇴 Celts · Norway
1545
+13
🇺🇸 Teutons · United States
1521
+14
🇮🇪 Slavs · Ireland
1494
+15
🇮🇹 Mongols · Italy
1587
-17
🇨🇳 Franks · China
1469
-12
🇨🇭 Bulgarians · Switzerland
1454
-12
🇺🇸 Hindustanis · United States
1443
-11
Snavle
10:09 Feudal Age
10:06 Loom
16:26 Castle Age
14:42 Double-Bit Axe
15:13 Horse Collar
23:28 Bow Saw
30:52 Scale Mail Armor
31:32 Forging
31:09 Town Watch
32:33 Wheelbarrow
33:05 Ballistics
33:08 Gold Mining
33:20 Heavy Plow
37:02 Imperial Age
35:48 Hand Cart
35:57 Fletching
36:20 Masonry
36:51 Stone Mining
38:00 Gold Shaft Mining
38:24 Siege Engineers
39:20 Chemistry
38:26 Capped Ram
38:26 Heavy Scorpion
39:52 Chain Mail Armor
40:29 Iron Casting
39:44 Siege Ram
Madbun
4:43 Loom
11:12 Feudal Age
15:12 Castle Age
14:47 Horse Collar
14:57 Double-Bit Axe
16:15 Heavy Plow
19:40 Forging
22:23 Scale Barding Armor
22:54 Iron Casting
27:45 Chain Barding Armor
28:59 Wheelbarrow
29:08 Town Watch
29:31 Pikeman
30:24 Squires
31:20 Scale Mail Armor
34:07 Chain Mail Armor
38:07 Husbandry
38:17 Bloodlines
42:13 Imperial Age
PaRappa56
5:34 Loom
8:18 Feudal Age
9:58 Town Watch
16:24 Fletching
17:44 Double-Bit Axe
20:55 Horse Collar
25:33 Castle Age
24:51 Gold Mining
24:52 Stone Mining
26:50 Bodkin Arrow
26:56 Padded Archer Armor
26:58 Scale Mail Armor
27:08 Forging
28:36 Wheelbarrow
30:38 Hand Cart
31:18 Bow Saw
33:26 Heavy Plow
38:21 Imperial Age
36:19 Squires
36:05 Arson
37:03 Chain Mail Armor
37:54 Iron Casting
38:46 Elite Teutonic Knight
40:00 Plate Mail Armor
40:07 Ballistics
40:59 Blast Furnace
40:45 Conscription
Chris
5:57 Loom
8:09 Feudal Age
8:49 Double-Bit Axe
14:52 Fletching
22:24 Castle Age
22:29 Crossbowman
23:09 Bodkin Arrow
25:09 Bow Saw
24:39 Horse Collar
27:22 Gold Mining
29:06 Ballistics
30:43 Thumb Ring
33:07 Wheelbarrow
35:30 Hand Cart
38:15 Imperial Age
36:43 Stone Mining
36:40 Town Watch
37:10 Masonry
39:25 Elite Elephant Archer
40:07 Bracer
40:07 Padded Archer Armor
41:13 Chemistry
40:47 Conscription
Reis
9:48 Feudal Age
9:47 Loom
Les Choristes
10:21 Feudal Age
10:53 Loom
16:41 Double-Bit Axe
21:13 Castle Age
20:22 Scale Barding Armor
20:28 Forging
22:00 Husbandry
26:59 Wheelbarrow
28:05 Chain Barding Armor
31:53 Iron Casting
32:25 Town Watch
35:15 Bow Saw
38:17 Hand Cart
AML4554
11:06 Feudal Age
9:22 Loom
16:02 Castle Age
14:18 Double-Bit Axe
14:40 Horse Collar
16:20 Bloodlines
21:08 Scale Barding Armor
23:46 Chain Barding Armor
27:24 Wheelbarrow
29:08 Bow Saw
33:16 Hand Cart
34:49 Heavy Plow
37:31 Imperial Age
35:32 Padded Archer Armor
35:30 Gold Mining
35:32 Stone Mining
36:40 Leather Archer Armor
39:15 Chemistry
38:47 Ring Archer Armor
38:57 Conscription
PALADIN
10:23 Feudal Age
16:26 Castle Age
14:53 Double-Bit Axe
15:26 Fletching
16:48 Horse Collar
16:37 Elite Skirmisher
17:41 Loom
18:40 Bodkin Arrow
32:54 Padded Archer Armor
Connection lost

Rejoining the realm…

Still unreachable

The connection could not be restored.

Session expired

The server has moved on; the page needs a fresh start.